 Dungeon Crawl Stone Soup version 0.30-b1-2-g02819fbbbe (webtiles) character file.

Game seed: 339556296847625856

215226 Syrassil the Unseen (level 19, 0/120 HPs)
             Began as a Kobold Artificer on Oct 1, 2023.
             Was a High Priest of Dithmenos.
             Slain by a +4 morningstar of holy wrath (17 damage)
             ... on level 2 of the Elven Halls.
             The game lasted 01:44:48 (49233 turns).

Syrassil the Unseen (Kobold Artificer)             Turns: 49233, Time: 01:44:48

Health: 0/120      AC: 30    Str: 10    XL:     19   Next: 74%
Magic:  26/26      EV: 23    Int: 11    God:    Dithmenos [*****.]
Gold:   1669       SH: 14    Dex: 21    Spells: 18/18 levels left

rFire   + + +        C - +8 rapier (drain)
rCold   + . .        P - +0 kite shield {AC+3}
rNeg    + . .        G - +3 swamp dragon scales
rPois   +            g - +2 hat
rElec   +            c - +1 cloak of Xearrit {rElec Will+}
rCorr   +            h - +2 pair of gloves of Muttered Phrases {rF+++ rC+ rN+ Int-3}
SInv    .            I - +1 pair of boots {Stlth+}
Will    ++...        E - amulet "Jaeqyirph" {Acrobat rCorr} Stlth ****++++++
                     p - +4 ring of protection
HPRegen 0.40/turn    X - +4 ring of protection
MPRegen 0.20/turn

%: acrobat
@: hasted, wreathed by umbra, very quick
A: small, no large weapons, nightstalker 3
}: 1/15 runes: serpentine
a: Renounce Religion, Shadow Step, Shadow Form


You were on level 2 of the Elven Halls.
You worshipped Dithmenos.
Dithmenos was extremely pleased with you.
You visited 6 branches of the dungeon, and saw 30 of its levels.
You also visited: Bailey and Gauntlet.

You collected 4232 gold pieces.
You spent 2563 gold pieces at shops.

Inventory:

Hand Weapons
 C - a +8 rapier of draining (weapon)
 N - a +2 short sword of electrocution
 V - a +2 rapier of holy wrath
Missiles
 e - 2 atropa-tipped darts
 Q - a throwing net
Armour
 c - the +1 cloak of Xearrit (worn) {rElec Will+}
   (You acquired it on level 6 of the Dungeon)

   rElec:     It insulates you from electricity.
   Will:      It increases your willpower.
 g - a +2 hat (worn)
 h - the +2 pair of gloves of Muttered Phrases (worn) {rF+++ rC+ rN+ Int-3}
   (You found it in a Gauntlet)

   Int:       It affects your intelligence (-3).
   rF:        It renders you almost immune to fire.
   rC:        It protects you from cold.
   rN:        It protects you from negative energy.
 u - a +1 robe of cold resistance
 D - the +18 shield of the Gong {Loud rN+ Will+ rCorr EV-5}
   (You found it in a bailey)

   Loud:      It is deafeningly noisy when blocking attacks.
   EV:        It affects your evasion (-5).
   rN:        It protects you from negative energy.
   rCorr:     It protects you from acid and corrosion.
   Will:      It increases your willpower.
 G - +3 swamp dragon scales (worn)
 H - the +0 helmet of Lifelessness {rF+ rN+ Dex+3}
   (You found it in a Gauntlet)

   Dex:       It affects your dexterity (+3).
   rF:        It protects you from fire.
   rN:        It protects you from negative energy.
 I - a +1 pair of boots of stealth (worn)
 P - a +0 kite shield of protection (worn)
Jewellery
 b - an amulet of guardian spirit
 p - a +4 ring of protection (left hand)
 E - the amulet "Jaeqyirph" (around neck) {Acrobat rCorr}
   (You found it in a bailey)

   [amulet of the acrobat]

   It increases your evasion while moving and waiting.
   rCorr:     It protects you from acid and corrosion.
 X - a +4 ring of protection (right hand)
 Z - an amulet of regeneration
Wands
 d - a wand of charming (5)
 n - a wand of polymorph (20)
 t - a wand of digging (5)
 v - a wand of flame (72) (quivered)
 x - a wand of paralysis (5)
 y - a wand of iceblast (1)
 F - a wand of mindburst (16)
Scrolls
 i - a scroll of blinking
 j - 2 scrolls of immolation
 s - 2 scrolls of fear
 K - 9 scrolls of identify
 L - 3 scrolls of amnesia
 M - 4 scrolls of magic mapping
 O - 2 scrolls of poison
 S - 3 scrolls of fog
Potions
 f - 7 potions of cancellation
 k - 3 potions of magic
 l - 4 potions of lignification
 m - 4 potions of haste
 q - 2 potions of berserk rage
 r - 4 potions of might
 w - 5 potions of brilliance
 z - 7 potions of mutation
 A - 4 potions of ambrosia
 J - 3 potions of resistance
 R - a potion of experience
 T - 9 potions of flight
Miscellaneous
 a - a condenser vane (inert)
 o - a box of beasts (inert)
 B - a phial of floods
 U - a piece from Xom's chessboard (15/15)
 Y - a lightning rod (1/4)


   Skills:
 + Level 13.7 Fighting
 - Level 14.0 Short Blades
 - Level 0.7 Armour
 + Level 17.9 Dodging
 + Level 19.0 Stealth
 + Level 12.3 Shields
 - Level 10.0 Invocations
 + Level 17.9 Evocations


You had 18 spell levels left.
You didn't know any spells.
Your spell library contained the following spells:

 Spells                   Type           Power      Damage    Failure   Level
 Apportation              Tloc           0%         N/A       93%         1
 Beastly Appendage        Tmut           0%         N/A       93%         1
 Kiss of Death            Conj/Necr      0%         2d5       93%         1
 Necrotise                Necr           0%         1d4       93%         1
 Sting                    Tmut/Pois      0%         1d3       93%         1
 Blink                    Tloc           0%         N/A       98%         2
 Call Imp                 Summ           0%         N/A       98%         2
 Cigotuvi's Dreadful Rot  Necr/Pois/Air  0%         N/A       98%         2
 Ensorcelled Hibernation  Hex/Ice        0%         N/A       98%         2
 Lesser Beckoning         Tloc           0%         N/A       98%         2
 Momentum Strike          Conj/Tloc      0%         3d8       98%         2
 Passwall                 Tmut/Erth      0%         N/A       98%         2
 Poisonous Vapours        Pois/Air       0%         N/A       98%         2
 Scorch                   Fire           0%         2d5       98%         2
 Sublimation of Blood     Necr           0%         N/A       98%         2
 Wereblood                Tmut           0%         N/A       98%         2
 Confusing Touch          Hex            0%         N/A       100%        3
 Gell's Gravitas          Tloc           0%         N/A       100%        3
 Spider Form              Tmut/Pois      0%         N/A       100%        3
 Swiftness                Air            0%         N/A       100%        3
 Teleport Other           Tloc           0%         N/A       100%        3
 Anguish                  Hex/Necr       0%         N/A       100%        4
 Animate Armour           Summ/Erth      0%         N/A       100%        4
 Animate Dead             Necr           0%         N/A       100%        4
 Dispel Undead            Necr           0%         3d6       100%        4
 Flame Wave               Conj/Fire      0%         2d4       100%        4
 Olgreb's Toxic Radiance  Pois           0%         N/A       100%        4
 Petrify                  Tmut/Erth      0%         N/A       100%        4
 Summon Ice Beast         Ice/Summ       0%         N/A       100%        4
 Alistair's Intoxication  Tmut/Pois      0%         N/A       100%        5
 Borgnjor's Vile Clutch   Necr/Erth      0%         N/A       100%        5
 Irradiate                Conj/Tmut      0%         3d11      100%        5
 Death Channel            Necr           0%         N/A       100%        6
 Dispersal                Tloc           0%         N/A       100%        6
 Simulacrum               Ice/Necr       0%         N/A       100%        6
 Summon Cactus Giant      Summ           0%         N/A       100%        6
 Haunt                    Necr/Summ      0%         N/A       100%        7
 Malign Gateway           Summ/Tloc      0%         N/A       100%        7
 Ozocubu's Refrigeration  Ice            0%         4d7       100%        7
 Summon Hydra             Summ           0%         N/A       100%        7
 Polar Vortex             Ice            0%         N/A       100%        9


Dungeon Overview and Level Annotations

Branches:
Dungeon (15/15)            Temple (0/1) D:6            Lair (5/5) D:11
 Shoals (2/4) Lair:2        Snake (4/4) Lair:2        Slime (0/5) Lair:4
    Orc (2/2) D:10            Elf (2/3) Orc:2        Vaults (0/5) D:13
 Depths (0/4) D:15         Bailey (visited)         Gauntlet (visited)

Altars:
Dithmenos
Kikubaaqudgha
Trog
Jiyva

Shops:
D:6 [   Orc:2 **![

Annotations:
D:4 4 runed translucent doors, Crazy Yiuf
D:12 1 runed translucent door
Lair:3 exclusion: 3 oklob plants


Innate Abilities, Weirdness & Mutations

You are small and have problems with some larger weapons.
You are completely attuned to the shadows.


Message History

The bolt of fire misses you.
You block the +4 morningstar of holy wrath's attack.
Your magical effects are unravelling.
You feel magically purged.
The sentinel's mark upon you fades away.
You block the +4 vampiric glaive's attack.
The +4 morningstar of holy wrath closely misses you.
The +4 vampiric glaive hits you but does no damage.
Aiming: Iceblast
Press: ? - help, Shift-Dir - straight line, f - +4 morningstar of holy wrath
Aim: a +4 morningstar of holy wrath (lightly damaged, umbra)
Okay, then.
You miss the +4 morningstar of holy wrath.
The +4 morningstar of holy wrath is lightly damaged.
The +4 morningstar of holy wrath completely misses you.
You barely miss the +4 morningstar of holy wrath.
The +4 vampiric glaive hits you but does no damage.
The +4 morningstar of holy wrath completely misses you.
You puncture the +4 morningstar of holy wrath!
The +4 morningstar of holy wrath is heavily damaged.
The +4 vampiric glaive hits you from afar!
* * * LOW HITPOINT WARNING * * *
You block the +4 morningstar of holy wrath's attack.
You feel yourself speed up. The +4 vampiric glaive misses you.
You block the +4 morningstar of holy wrath's attack.
You miss the +4 morningstar of holy wrath.
The +4 morningstar of holy wrath is heavily damaged.
You block the +4 morningstar of holy wrath's attack.
Aiming: Thunderbolt
Press: ? - help, Shift-Dir - straight line, f - +4 morningstar of holy wrath
Aim: a +4 morningstar of holy wrath (moderately damaged, umbra)
The thunderbolt hits the +4 vampiric glaive.
The +4 vampiric glaive completely resists.
The thunderbolt hits the +4 morningstar of holy wrath.
The +4 morningstar of holy wrath completely resists.
The +4 morningstar of holy wrath is moderately damaged.
The +4 vampiric glaive hits you from afar!
* * * LOW HITPOINT WARNING * * *
The +4 morningstar of holy wrath hits you!
You die...

#..!...
#......#
#.....e+
#...#e#
#.##.# #...#
#(### #(# .#.
#@# #####.#.
#.###....>#..
#.....#######
#####.....#..
###...#.(##
#...#....
#...#...
#.....#
#..#..#


You could see 2 dancing weapons.

Vanquished Creatures
  Jorgrun (Snake:1)
  Zenata (Elf:1)
  Agnes (D:14)
  Donald (Elf:1)
  6 nagarajas
  Aizul (Snake:4)
  An orc warlord (Orc:2)
  The ghost of Syrassil the Fighter, a journeyman DsWn of Makhleb (Lair:5)
  Nessos (D:12)
  A minotaur (Gauntlet)
  A deep elf annihilator (Elf:2)
  Azrael (D:15)
  The ghost of Syrassil the Fighter, a journeyman DsWn of Cheibriados (Lair:3)
  2 fire dragons (D:15)
  A merfolk javelineer (Shoals:1)
  2 deep elf death magi
  A vault guard (D:13)
  8 hydras
  2 salamander tyrants
  An ice dragon (D:15)
  2 ogre magi
  9 anacondas
  6 centaur warriors
  2 catoblepae
  3 boulder beetles
  10 two-headed ogres
  3 death yaks (Lair:5)
  13 dancing weapons
  19 naga warriors
  2 tengu warriors (D:15)
  13 naga sharpshooters
  9 shock serpents
  7 deep elf knights
  Nergalle (Lair:3)
  2 skysharks
  A large abomination (Elf:1)
  A shadow wraith (D:15)
  5 salamander mystics
  4 skeletal warriors (D:12)
  5 naga ritualists
  2 sea snakes (Shoals:1)
  The ghost of Fluut the Nimble, a novice SpCj of Vehumet (Orc:1)
  6 deep elf archers
  2 cherubim (D:14)
  4 necromancers (Elf:1)
  4 orc knights
  A lindwurm (D:13)
  18 deep elf zephyrmancers
  20 deep elf pyromancers
  A harpy (Shoals:2)
  3 orc sorcerers
  2 fauns (Shoals:2)
  17 mana vipers
  13 salamanders
  5 manticores
  13 ugly things
  3 cyclopes
  10 elephants
  A moth of wrath (Lair:5)
  2 merfolk sirens
  Maurice (D:8)
  13 guardian serpents
  An eye of devastation (Lair:4)
  A water nymph (Shoals:1)
  32 black mambas
  29 naga magi
  9 komodo dragons
  13 cane toads
  4 gargoyles
  Maggie (D:7)
  2 kobold demonologists
  A rime drake (Gauntlet)
  A yaktaur (Shoals:1)
  2 efreet
  2 freezing wraiths
  3 tengu conjurers
  5 trolls
  A polar bear (Lair:3)
  A merfolk (Shoals:1)
  2 hornets
  16 blink frogs
  2 tyrant leeches (Lair:5)
  2 wind drakes (Shoals:1)
  10 dream sheep (Lair:5)
  Prince Ribbit (D:7)
  4 air elementals
  3 snapping turtles (Shoals:1)
  A water elemental (Shoals:1)
  4 centaur simulacra (D:11)
  5 spriggans (Lair:5)
  4 shadows
  8 slime creatures
  A vampire (Bailey)
  2 wyverns
  3 wraiths
  37 yaks
  2 basilisks
  5 fire elementals
  2 steam dragons
  8 vampire mosquitoes
  4 wargs
  51 nagas
  6 hell hounds
  14 water moccasins
  2 floating eyes
  32 orc warriors
  Duvessa (D:6)
  A black bear (Lair:2)
  An ice beast (D:5)
  7 ogres
  5 wolves
  24 centaurs
  A kobold brigand (D:10)
  3 phantoms
  11 bullfrogs
  3 elf zombies (Elf:1)
  An earth elemental (Elf:1)
  2 gnoll sergeants
  Dowan (D:6)
  A troll zombie (D:10)
  6 vampire bats (Bailey)
  6 killer bees (D:8)
  4 wolf zombies (Bailey)
  4 electric eels
  3 howler monkeys
  2 hounds (D:6)
  6 jellies
  16 orc priests
  A sleepcap (D:6)
  A gnoll bouda (D:9)
  5 iguanas
  Jessica (D:2)
  13 orc wizards
  13 hell rats
  5 ogre zombies (D:10)
  21 gnolls
  12 adders
  5 shadow imps
  2 white imps
  6 ufetubi
  A dart slug (D:4)
  4 worms (D:2)
  65 orcs
  4 ball pythons
  6 endoplasms
  2 giant cockroaches
  7 goblins
  7 hobgoblins
  2 jackals (D:2)
  2 quokkas
  4 bats
  2 frilled lizards
  2 goblin skeletons (D:10)
  3 goblin zombies (D:10)
  3 hobgoblin zombies (D:10)
  13 kobolds
  An orc skeleton (D:10)
  28 orc zombies
  4 rats
987 creatures vanquished.

Vanquished Creatures (collateral kills)
  2 nagarajas (Snake:4)
  A salamander (Snake:4)
  3 cane toads (Lair:5)
  A blink frog (Lair:5)
  A dream sheep (Lair:5)
  5 yaks (Lair:5)
  A vampire mosquito (Lair:5)
  A naga (Snake:4)
  A bullfrog (Lair:5)
  3 howler monkeys (D:9)
  2 electric eels (Lair:5)
  An orc priest (D:9)
  4 gnolls (D:9)
  A white imp (D:6)
  A worm (D:2)
  2 orcs (D:9)
  A kobold (D:4)
  A rat (D:2)
  A plant (Lair:5)
33 creatures vanquished.

Vanquished Creatures (others)
  A deep elf knight (Elf:2)
  An orc warrior (D:9)
  A centaur (D:9)
  An elf zombie (Elf:1)
  A scorpion (D:5)
  A wolf zombie (Bailey)
  A gnoll (D:2)
  2 orcs
  54 fungi
  159 plants
222 creatures vanquished.

Grand Total: 1242 creatures vanquished

Notes
Turn   | Place    | Note
-------+----------+-------------------------------------------
     0 | D:1      | Syrassil the Kobold Artificer began the quest for the Orb.
     0 | D:1      | Reached XP level 1. HP: 12/12 MP: 1/1
    95 | D:1      | Found a faded altar of an unknown god.
   366 | D:1      | Reached XP level 2. HP: 16/16 MP: 2/2
   511 | D:1      | Reached skill level 2 in Stealth
  1049 | D:2      | Reached XP level 3. HP: 4/21 MP: 3/3
  1466 | D:2      | Reached skill level 3 in Stealth
  1516 | D:2      | Reached XP level 4. HP: 8/27 MP: 4/4
  1752 | D:2      | Reached skill level 1 in Short Blades
  1864 | D:2      | Reached XP level 5. HP: 32/32 MP: 5/5
  1890 | D:2      | Noticed Jessica
  1895 | D:2      | Killed Jessica
  1897 | D:2      | Reached skill level 4 in Stealth
  1909 | D:2      | Reached skill level 5 in Evocations
  2281 | D:2      | Reached XP level 6. HP: 37/37 MP: 6/6
  4911 | D:4      | Found a runed translucent door.
  4914 | D:4      | Noticed Crazy Yiuf
  4946 | D:4      | Found an ancient bone altar of Kikubaaqudgha.
  5042 | D:4      | Reached skill level 5 in Stealth
  5042 | D:4      | Reached XP level 7. HP: 42/42 MP: 7/7
  5071 | D:4      | Found a runed translucent gate.
  5072 | D:4      | Found a runed translucent gate.
  5073 | D:4      | Found a runed translucent gate.
  5649 | D:5      | Entered Level 5 of the Dungeon
  5957 | D:5      | HP: 2/43 [poisoned by a scorpion]
  6445 | D:5      | Found a shadowy altar of Dithmenos.
  6452 | D:5      | Became a worshipper of Dithmenos the Shadowed
  6791 | D:5      | Reached skill level 1 in Shields
  7227 | D:6      | Reached XP level 8. HP: 24/48 MP: 8/8
  7476 | D:6      | Reached skill level 6 in Stealth
  8064 | D:6      | Identified a scroll of acquirement
  8066 | D:6      | Acquired the +1 cloak of Xearrit {rElec Will+}
  8208 | D:6      | Found a staircase to the Ecumenical Temple.
  8257 | D:6      | Noticed Duvessa
  8258 | D:6      | Noticed Dowan
  8261 | D:6      | Killed Duvessa
  8267 | D:6      | Killed Dowan
  8268 | D:6      | Reached skill level 5 in Fighting
  8268 | D:6      | Reached skill level 5 in Short Blades
  8763 | D:6      | Found Qatzask's Armour Emporium.
  9113 | D:7      | Found a flagged portal.
  9124 | Bailey   | Entered a bailey
  9234 | Bailey   | Reached * piety under Dithmenos
  9235 | Bailey   | Reached skill level 7 in Stealth
  9404 | Bailey   | Reached XP level 9. HP: 52/54 MP: 9/9
  9479 | Bailey   | Noticed a gargoyle
  9488 | Bailey   | Killed a gargoyle
  9604 | Bailey   | Found the +18 shield of the Gong {Loud rN+ Will+ rCorr
                  | EV-5}
  9610 | Bailey   | Reached skill level 8 in Stealth
  9696 | Bailey   | Identified the amulet "Jaeqyirph" {Acrobat rCorr}
  9777 | D:7      | Noticed a hornet
  9781 | D:7      | Killed a hornet
 10368 | D:7      | Noticed Maggie
 10372 | D:7      | Killed Maggie
 10396 | D:7      | Noticed Prince Ribbit
 10400 | D:7      | Reached XP level 10. HP: 61/61 MP: 10/10
 10400 | D:7      | Reached ** piety under Dithmenos
 10410 | D:7      | Killed Prince Ribbit
 10413 | D:7      | Reached skill level 9 in Stealth
 11275 | D:8      | Noticed Maurice
 11375 | D:8      | Killed Maurice
 11857 | D:9      | Noticed a two-headed ogre
 11868 | D:9      | Killed a two-headed ogre
 11869 | D:9      | Reached skill level 10 in Stealth
 11869 | D:9      | Reached skill level 5 in Shields
 11885 | D:9      | Reached *** piety under Dithmenos
 11924 | D:9      | Reached XP level 11. HP: 30/68 MP: 11/11
 12651 | D:10     | Entered Level 10 of the Dungeon
 12904 | D:10     | Found a staircase to the Orcish Mines.
 13326 | D:10     | Reached **** piety under Dithmenos
 13665 | D:10     | Reached skill level 11 in Stealth
 13667 | D:10     | Reached skill level 10 in Evocations
 14182 | D:11     | Noticed a manticore
 14186 | D:11     | Killed a manticore
 14244 | D:11     | Reached skill level 10 in Short Blades
 14615 | D:11     | Acquired 967 gold pieces
 14910 | Orc:1    | Entered Level 1 of the Orcish Mines
 15126 | Orc:2    | Entered Level 2 of the Orcish Mines
 15930 | D:11     | Reached XP level 12. HP: 45/76 MP: 12/12
 16176 | D:11     | Found a staircase to the Lair.
 16439 | D:12     | Found a gate leading to a gauntlet.
 16445 | Gauntlet | Entered a Gauntlet
 16445 | Gauntlet | Found a transporter.
 16466 | Gauntlet | Found a runed translucent gate.
 16476 | Gauntlet | Found a runed translucent door.
 16486 | Gauntlet | Found a transporter.
 16497 | Gauntlet | Found a transporter.
 16501 | Gauntlet | Found a runed translucent door.
 16508 | Gauntlet | Found a runed translucent door.
 16540 | Gauntlet | Found a transporter.
 16543 | Gauntlet | Noticed a soul eater
 16617 | Gauntlet | Found a runed translucent door.
 16724 | Gauntlet | Found a transporter.
 16725 | Gauntlet | Found a transporter.
 16725 | Gauntlet | Identified the +2 pair of gloves of Muttered Phrases {rF+++
                  | rC+ rN+ Int-3}
 16763 | Gauntlet | Found a runed translucent gate.
 16774 | Gauntlet | Found a transporter.
 16774 | Gauntlet | Found a transporter.
 16818 | Gauntlet | Found a transporter.
 16825 | Gauntlet | Found a transporter.
 16828 | Gauntlet | Identified the +0 helmet of Lifelessness {rF+ rN+ Dex+3}
 16913 | Gauntlet | Found a transporter.
 16913 | Gauntlet | Found a transporter.
 17012 | Gauntlet | Reached skill level 12 in Stealth
 17048 | Gauntlet | Identified the +8 shortbow of Extermination {flame, Str+3}
 17139 | Gauntlet | Noticed a minotaur
 17153 | Gauntlet | Killed a minotaur
 17181 | Gauntlet | Got the Textbook on the Escort
 17429 | D:12     | Noticed a boulder beetle
 17464 | D:12     | Killed a boulder beetle
 17535 | D:12     | Noticed Nessos
 17540 | D:12     | Killed Nessos
 17747 | D:12     | Noticed a skeletal warrior
 17747 | D:12     | Noticed a skeletal warrior
 17749 | D:12     | Noticed a skeletal warrior
 17749 | D:12     | Noticed a skeletal warrior
 17751 | D:12     | Killed a skeletal warrior
 17752 | D:12     | Killed a skeletal warrior
 17753 | D:12     | Reached skill level 5 in Dodging
 17754 | D:12     | Killed a skeletal warrior
 17756 | D:12     | Killed a skeletal warrior
 17757 | D:12     | Reached skill level 10 in Fighting
 18284 | D:12     | Found a runed translucent door.
 18286 | D:12     | Noticed a cyan very ugly thing
 18287 | D:12     | Noticed a cyan very ugly thing
 18448 | D:12     | Noticed a tentacled monstrosity
 18488 | D:12     | Reached skill level 13 in Stealth
 18634 | Lair:1   | Entered Level 1 of the Lair of Beasts
 18824 | Lair:1   | Reached ***** piety under Dithmenos
 18826 | Lair:1   | Identified the +1 whip of the Establishment {venom, rN+}
 18859 | Lair:1   | Reached XP level 13. HP: 68/82 MP: 13/13
 19044 | Lair:1   | Noticed a catoblepas
 19068 | Lair:1   | Killed a catoblepas
 19879 | Lair:2   | Found a staircase to the Snake Pit.
 20633 | Lair:2   | Reached skill level 14 in Stealth
 21175 | Lair:2   | Found a staircase to the Shoals.
 21422 | Lair:3   | Noticed a six-headed hydra
 21449 | Lair:3   | Noticed Nergalle
 21466 | Lair:3   | Killed Nergalle
 21738 | Lair:3   | Killed a six-headed hydra
 22357 | Lair:3   | Found a runed translucent gate.
 22357 | Lair:3   | Found a runed translucent gate.
 22357 | Lair:3   | Found a runed translucent gate.
 22747 | Lair:3   | Noticed Syrassil's ghost (journeyman DsWn)
 23038 | Lair:4   | Noticed an eight-headed hydra
 23042 | Lair:4   | Killed an eight-headed hydra
 23118 | Lair:4   | Reached XP level 14. HP: 47/88 MP: 14/14
 23343 | Lair:4   | Found a viscous altar of Jiyva.
 23343 | Lair:4   | Found a staircase to the Slime Pits.
 24654 | Lair:5   | Entered Level 5 of the Lair of Beasts
 24724 | Lair:5   | Found a transporter.
 24806 | Lair:5   | Reached skill level 15 in Stealth
 24959 | Lair:5   | Found a transporter.
 24973 | Lair:5   | Noticed Syrassil's ghost (journeyman DsWn)
 25068 | Lair:5   | Identified the +1 robe of Ipapeth {rElec Regen+ Str+5}
 25270 | Lair:5   | HP: 1/88 [blink frog (14)]
 25779 | Lair:5   | Reached skill level 10 in Dodging
 26078 | Lair:5   | Found an ancient bone altar of Kikubaaqudgha.
 26379 | Lair:5   | Reached ****** piety under Dithmenos
 27085 | Lair:5   | Found a bloodstained altar of Trog.
 27088 | Lair:5   | Reached XP level 15. HP: 73/92 MP: 15/15
 27105 | Lair:5   | Killed Syrassil's ghost
 28240 | Orc:2    | Reached skill level 1 in Invocations
 28275 | Orc:2    | Noticed an orc warlord
 28278 | Orc:2    | Killed an orc warlord
 28796 | Orc:2    | Found a staircase to the Elven Halls.
 29001 | Orc:2    | Found Zanic's General Store.
 29001 | Orc:2    | Found Masmoz's Distillery.
 29001 | Orc:2    | Found Maagigol's Armour Emporium.
 29002 | Orc:2    | Found Nadacol's Assorted Antiques.
 29008 | Orc:2    | Bought a condenser vane for 1240 gold pieces
 29015 | Orc:2    | Bought a potion of flight for 30 gold pieces
 29015 | Orc:2    | Bought 2 potions of cancellation for 160 gold pieces
 29015 | Orc:2    | Bought a potion of might for 40 gold pieces
 29015 | Orc:2    | Bought 2 potions of curing for 60 gold pieces
 29015 | Orc:2    | Bought a potion of magic for 80 gold pieces
 29015 | Orc:2    | Bought 2 potions of haste for 200 gold pieces
 29015 | Orc:2    | Bought a potion of might for 40 gold pieces
 29016 | Orc:2    | Bought a potion of flight for 45 gold pieces
 29016 | Orc:2    | Bought a scroll of enchant weapon for 112 gold pieces
 29016 | Orc:2    | Bought a potion of might for 60 gold pieces
 29018 | Orc:2    | Bought a potion of mutation for 248 gold pieces
 29018 | Orc:2    | Bought a potion of ambrosia for 248 gold pieces
 29355 | Orc:1    | Found a runed translucent door.
 29358 | Orc:1    | Noticed Fluut's ghost (novice SpCj)
 29488 | Orc:1    | Killed Fluut's ghost
 29489 | Orc:1    | Reached skill level 10 in Shields
 29691 | Lair:3   | Found a viscous altar of Jiyva.
 29692 | Lair:3   | Killed Syrassil's ghost
 29693 | Lair:3   | Reached skill level 15 in Evocations
 30610 | D:13     | Reached skill level 5 in Invocations
 30976 | D:13     | Found a gate to the Vaults.
 32881 | D:15     | Entered Level 15 of the Dungeon
 32881 | D:15     | Noticed Agnes
 32897 | D:14     | Reached XP level 16. HP: 42/97 MP: 21/21
 32897 | D:14     | Killed Agnes
 34028 | D:15     | Found a shadowy altar of Dithmenos.
 34149 | D:15     | Found a staircase to the Depths.
 34381 | D:15     | Noticed Azrael
 34401 | D:15     | Killed Azrael
 34402 | D:15     | Reached skill level 15 in Dodging
 34402 | D:15     | Reached skill level 10 in Invocations
 34876 | Snake:1  | Entered Level 1 of the Snake Pit
 34971 | Snake:1  | Noticed Jorgrun
 34975 | Snake:1  | Killed Jorgrun
 36482 | Snake:2  | You fall into a shaft and drop 1 floor!
 36628 | Snake:3  | Reached XP level 17. HP: 103/103 MP: 24/24
 37032 | Snake:3  | Reached skill level 16 in Stealth
 38450 | Snake:2  | HP: 5/100 [naga warrior/+0 scimitar (1)]
 40197 | Snake:4  | Entered Level 4 of the Snake Pit
 40211 | Snake:4  | Reached XP level 18. HP: 111/111 MP: 25/25
 40412 | Snake:4  | Reached skill level 17 in Stealth
 42979 | Snake:4  | Got a serpentine rune of Zot
 43698 | Snake:4  | Noticed Aizul
 43732 | Snake:4  | Killed Aizul
 43733 | Snake:4  | Reached skill level 18 in Stealth
 44318 | Shoals:1 | Entered Level 1 of the Shoals
 45766 | Elf:1    | Entered Level 1 of the Elven Halls
 45773 | Elf:1    | Reached XP level 19. HP: 104/105 MP: 26/26
 46553 | Elf:1    | Noticed Zenata
 46562 | Elf:1    | Killed Zenata
 46672 | Elf:1    | Paralysed by an air elemental for 1 turns
 46677 | Elf:1    | Paralysed by an air elemental for 1 turns
 46683 | Elf:1    | Paralysed by an air elemental for 1 turns
 46693 | Elf:1    | Paralysed by an air elemental for 1 turns
 47111 | Elf:1    | Noticed Donald
 47326 | Elf:1    | Killed Donald
 47795 | Elf:1    | Got the Atlas of Sinister Acts
 48796 | Elf:2    | Paralysed by an air elemental for 1 turns
 48868 | Elf:2    | Reached skill level 19 in Stealth
 49233 | Elf:2    | Slain by a +4 morningstar of holy wrath

Illustrated notes

Levels and vault maps discovered:
D:1:      scummos_arrival_simple_crosswalls, layout_basic,
          hellmonk_ecumenical_altar_slurped_away, nicolae_figureground_sparkle
D:2:      layout_loops_ring, uniq_jessica
D:3:      layout_rooms
D:4:      layout_basic, kiku_gazebo_pond_becter, gammafunk_ghost_necromancy,
          st_stairs_3, uniq_crazy_yiuf_cottage
D:5:      layout_loops_corners, lemuel_coloured_pillars_altar
D:6:      dreamdust_elfheim, layout_cave_pods, minmay_temple_entry_grid,
          serial_shops, nicolae_shop_just_a_little_nook,
          chequers_serial_rivers_small_3
D:7:      layout_rooms, enter_bailey_3, uniq_prince_ribbit1, uniq_maggie
D:8:      layout_basic, minmay_crossroads, uniq_maurice
D:9:      layout_rooms, minmay_stone_trees_medium, minmay_misc_feat_x
D:10:     layout_loops_ring, nicolae_overflow_hidden_temple, zombieorc1_lemuel
D:11:     layout_gridville, lair_entry_dummy, serial_ice, serial_ice_k,
          serial_ice_h, serial_ice_d, serial_ice_m, serial_ice_n, serial_ice_g,
          serial_ice_c, serial_ice_a, chequers_arboretum
D:12:     cheibrodos_body_horror, layout_stronghold, gauntlet_entry_generic,
          corexii_checkpoint_b, kennysheep_generic_room_12, uniq_nessos
D:13:     layout_layer_cave, david_vaults_4, fountainhead
D:14:     layout_gridville, serial_bayou_pond_c, pf_eden
D:15:     grunt_enter_depths_hoard, layout_rooms, serial_curves, eino_curves_01,
          eino_curves_01, nicolae_dithmenos_the_darkroom, uniq_agnes,
          uniq_azrael
Lair:1:   layout_misc_corridors
Lair:2:   layout_regular_city, minmay_shoals_entry_lonely_mermaid,
          dummy_snake_entry, infiniplex_staircase_pool
Lair:3:   layout_regular_city, gammafunk_ghost_ooze, serial_bayou,
          serial_bayou_shore_b, serial_bayou_pond_b, serial_bayou_lagoon_b,
          disabler_island, uniq_nergalle
Lair:4:   layout_regular_city, minmay_slime_entry_eyes, grunt_megastairs_2
Lair:5:   minmay_lair_end_frog_pond, layout_cave_pods, basic_altar,
          gammafunk_ghost_wrathful_warriors
Shoals:1: argonaut_golden_fleece, layout_shoals, yaktaur_hedge
Shoals:2: layout_shoals, nicolae_shoals_lost_giant_baths, lemuel_oklob_altar,
          uniq_mlioglotl, uniq_polyphemus
Snake:1:  layout_grid_maze, uniq_jorgrun
Snake:2:  nicolae_snake_hallway, layout_gridlike, st_stairs_5, evilmike_ambush
          [evilmike_ambush_outer_basic, evilmike_ambush_inner_wall_1]
Snake:3:  layout_misc_corridors
Snake:4:  johnstein_snake_rune_scales, layout_chambers, uniq_aizul
Orc:1:    layout_caves, hellmonk_ghost_happy_afterlife,
          dreamdust_deal_with_the_devil
Orc:2:    st_orc_rangers, layout_caves
Elf:1:    eino_elf_arrival_sip, layout_onion_city, minivault_28,
          minmay_elf_necromancy, uniq_donald, uniq_zenata
Elf:2:    nicolae_elf_blades_crystal_corner, layout_loops_corners, serial_shops,
          nicolae_shop_window_shopping

Skill      XL: |  1  2  3  4  5  6  7  8  9 10 11 12 13 14 15 16 17 18 19 |
---------------+----------------------------------------------------------+-----
Stealth        | 2 3 4 5 7 8 10 11 13 14 15 16 18 19 | 19.0
Evocations     | 4 5 6 8 9 10 11 12 14 15 16 17 | 17.9
Fighting       | 2 3 4 5 6 8 9 10 11 12 13 | 13.7
Short Blades   | 1 2 3 4 5 7 9 10 11 13 14 | 14.0
Shields        | 1 2 3 5 6 7 8 9 10 11 12 | 12.3
Dodging        | 3 5 8 10 13 15 16 17 | 17.9
Invocations    | 7 10 | 10.0
Armour         | |  0.7

Action                     |  1- 3 |  4- 6 |  7- 9 | 10-12 | 13-15 | 16-18 | 19-21 || total
---------------------------+-------+-------+-------+-------+-------+-------+-------++-------
  Melee: Club              |    65 |       |       |       |       |       |       ||    65
         Punch             |     2 |     4 |     2 |       |       |       |       ||     8
         Dagger            |    19 |   255 |   270 |       |       |       |       ||   544
         Rapier            |       |       |   124 |   331 |  1339 |  1792 |   500 ||  4086
         Short sword       |       |       |       |   447 |       |       |       ||   447
  Throw: Throwing net      |       |     4 |     1 |       |       |       |     1 ||     6
 Invoke: Shadow Step       |       |       |       |       |     7 |     1 |     1 ||     9
         Shadow Form       |       |       |       |       |       |     6 |     1 ||     7
  Evoke: Wand              |    10 |    14 |     9 |    19 |    30 |    20 |     5 ||   107
         Piece from Xom's  |       |       |       |       |     5 |       |     2 ||     7
         Box of beasts     |       |       |       |       |     3 |     1 |     1 ||     5
         Lightning rod     |       |       |       |       |     4 |     4 |     3 ||    11
         Condenser vane    |       |       |       |       |     1 |       |     1 ||     2
         Phial of floods   |       |       |       |       |       |     1 |       ||     1
    Use: Potion            |       |     6 |     4 |     4 |     6 |    12 |     7 ||    39
         Scroll            |       |     6 |     7 |    18 |    13 |     6 |     4 ||    54
   Stab: Sleeping          |    13 |    18 |    25 |    55 |    42 |    80 |    13 ||   246
         Betrayed ally     |     1 |       |       |       |       |       |       ||     1
         Distracted        |       |     1 |     1 |     8 |    17 |     7 |     7 ||    41
         Held in net/web   |       |     1 |       |       |       |       |       ||     1
         Paralysed         |       |       |     4 |     3 |     3 |       |     1 ||    11
         Invisible         |       |       |       |     2 |       |    12 |       ||    14
         Petrifying        |       |       |       |       |     3 |       |       ||     3
         Petrified         |       |       |       |       |     1 |       |       ||     1
 Armour: Leather armour    |    24 |    47 |    30 |       |       |       |       ||   101
         Robe              |       |       |    68 |    16 |       |       |       ||    84
         Swamp dragon scal |       |       |     1 |   109 |   289 |   339 |   113 ||   851
         Troll leather arm |       |       |       |     9 |       |       |       ||     9
  Dodge: Dodged            |    59 |   161 |   213 |   258 |   866 |  1225 |   304 ||  3086
  Block: Kite shield       |       |       |   162 |   450 |   936 |  1089 |   201 ||  2838
